 Dungeon Crawl Stone Soup version 0.31-a0-806-g0bc164a743 (webtiles) character file.

Game seed: 7875211428016272997

286 Nedwor the Trooper (level 6, -9/48 HPs)
             Began as a Demonspawn Fighter on Sept 21, 2023.
             Killed by nerve-wracking pain
             ... invoked by an orc priest
              (11 damage)
             ... on level 4 of the Dungeon.
             The game lasted 00:06:06 (3485 turns).

Nedwor the Trooper (Demonspawn Fighter)             Turns: 3485, Time: 00:06:07

Health: -9/48      AC: 16    Str: 18    XL:     6   Next: 8%
Magic:  6/6        EV:  5    Int:  9    God:
Gold:   165        SH:  5    Dex: 13    Spells: 5/5 levels left

rFire   . . .        a - +0 rapier
rCold   . . .        c - +0 buckler
rNeg    . . .        g - +1 plate armour
rPois   .            h - +0 helmet
rElec   .            (no cloak)
rCorr   .            s - +0 pair of gloves
SInv    .            (no boots)
Will    .....        (no amulet) Stlth
                     (no ring)
HPRegen 0.28/turn    (no ring)
MPRegen 0.10/turn

%: no passive effects
@: no status effects
A: claws 1, powered by death 1, sharp scales 2
a: no special abilities


You were on level 4 of the Dungeon.
You visited 1 branch of the dungeon, and saw 4 of its levels.
You also visited: Sewer.

You collected 165 gold pieces.

Inventory:

Hand Weapons
 a - a +0 rapier (weapon)
Armour
 b - a +0 scale mail
 c - a +0 buckler (worn)
 g - a +1 plate armour (worn)
 h - a +0 helmet (worn)
 s - a +0 pair of gloves (worn)
Jewellery
 e - a +6 ring of intelligence
 l - a ring of wizardry
Scrolls
 d - a scroll of identify
 i - 3 scrolls of teleportation
 m - a scroll of vulnerability
Potions
 f - a potion of mutation
 j - a potion of brilliance {unknown}
 q - 2 potions of enlightenment
 r - a potion of berserk rage {unknown}
 u - a potion of invisibility {unknown}


   Skills:
 + Level 4.1 Fighting
 * Level 3.9 Short Blades
 + Level 3.6 Armour
 + Level 3.6 Shields


You had 5 spell levels left.
You didn't know any spells.
Your spell library contained the following spells:

 Spells                   Type           Power      Damage    Failure   Level
 Ensorcelled Hibernation  Hex/Ice        0%         N/A       100%        2
 Passwall                 Tmut/Erth      0%         N/A       100%        2
 Ignite Poison            Fire/Tmut/Pois 0%         N/A       100%        3
 Swiftness                Air            0%         N/A       100%        3
 Sticky Flame             Conj/Fire      0%         2d3       100%        4
 Ignition                 Fire           0%         3d3       100%        8


Dungeon Overview and Level Annotations

Branches:
Dungeon (4/15)              Sewer (visited)
 Temple: D:4-7

Altars:
Fedhas

Shops:
D:3 ::[*   D:4 (!*

Annotations:
D:4 exclusion: oklob plant


Innate Abilities, Weirdness & Mutations

You have sharp fingernails.
You regenerate a little health from kills.
You are mostly covered in razor-sharp scales. (AC +2, Slay +2)


Message History

The orc hits you but does no damage.
You hit the orc.
The orc is heavily wounded.
The orc hits you with the +10 spear of Vytebbil {flame, rC+ Dex+3}!
The orc burns you.
The orc priest miscasts a cantrip.
You closely miss the orc.
The orc is heavily wounded.
The orc hits you with the +10 spear of Vytebbil {flame, rC+ Dex+3}.
The orc burns you.
You hit the orc but do no damage.
The orc is heavily wounded.
The orc hits you with the +10 spear of Vytebbil {flame, rC+ Dex+3}.
The orc burns you.
You hit the orc but do no damage.
The orc is heavily wounded.
The orc hits you with the +10 spear of Vytebbil {flame, rC+ Dex+3}.
The orc burns you.
The orc priest hits you but does no damage.
You hit the orc.
The orc is severely wounded.
The orc hits you but does no damage.
The orc priest calls upon Beogh to heal the orc.
The orc's wounds heal themselves!
You block the orc priest's attack.
The orc hits you with the +10 spear of Vytebbil {flame, rC+ Dex+3}.
The orc burns you.
* * * LOW HITPOINT WARNING * * *
The orc hits you from afar with the +10 spear of Vytebbil {flame, rC+ Dex+3}.
* * * LOW HITPOINT WARNING * * *
The orc burns you.
* * * LOW HITPOINT WARNING * * *
The orc priest attacks as it pursues you!
The orc priest hits you but does no damage.
The orc priest mumbles some strange prayers to Beogh against you.
Beogh smites you!
* * * LOW HITPOINT WARNING * * *
There is a stone staircase leading up here.
The orc priest mumbles some strange prayers to Beogh against you.
Pain shoots through your body!
You die...

###∩#.....>.......#
#####.#..##.#.##..##*****
##.......#...........,,,*
##.##.##(#.#..##.###.#*,*
##.##....o.#..#...##.##,*
##.##..#........#$....#,*
#.##..#####..#...##,,*,*
#.##..# #..##o##*,,*,*
#.##..#####....@# *,,*,*
#<##............# *,,*,*
#..##.#####.##.##**,,*,*
##.##.## #......,,,,*,*
#∩....## #..#.###*,**,*
#......##########*############*
#.......#


*P###.P##PPPPP#PPPPP, #......## *PPP#PPP.P.P.#PPPP.P, #.#....##
#P#PPPP#.PPP#PPP...., You could see an orc priest.

Vanquished Creatures
  Pargi (Sewer)
  8 adders
  2 river rats (D:3)
  A white imp (D:4)
  4 worms
  An orc (D:4)
  7 ball pythons
  6 endoplasms
  A giant cockroach (Sewer)
  4 goblins
  3 hobgoblins
  11 jackals
  5 quokkas
  6 bats
  6 frilled lizards
  11 kobolds
  7 rats
84 creatures vanquished.

Notes
Turn   | Place    | Note
-------+----------+-------------------------------------------
     0 | D:1      | Nedwor the Demonspawn Fighter began the quest for the Orb.
     0 | D:1      | Reached XP level 1. HP: 18/18 MP: 1/1
    89 | D:1      | Found a faded altar of an unknown god.
   128 | D:1      | Gained mutation: You are partially covered in razor-sharp
                  | scales. (AC +1, Slay +1) [demonic ancestry]
   128 | D:1      | Reached XP level 2. HP: 24/24 MP: 2/2
   699 | D:2      | Gained mutation: You are mostly covered in razor-sharp
                  | scales. (AC +2, Slay +2) [demonic ancestry]
   699 | D:2      | Reached XP level 3. HP: 25/29 MP: 3/3
  1020 | D:2      | Identified the +6 hand axe "Zoso Hog" {flame, *Slow rPois
                  | Will+ Dex+4}
  1435 | D:3      | Found Qel Ufas's Book Shop.
  1581 | D:3      | Reached XP level 4. HP: 35/35 MP: 4/4
  1585 | D:3      | Found Oceinao's Book Emporium.
  1599 | D:3      | Found Hown's Antique Armour Boutique.
  1763 | D:3      | Found Peesmo's Assorted Antiques.
  2039 | D:3      | Found a glowing drain.
  2054 | Sewer    | Entered a sewer
  2254 | Sewer    | Noticed Pargi
  2288 | Sewer    | Killed Pargi
  2289 | Sewer    | Gained mutation: You have sharp fingernails. [demonic
                  | ancestry]
  2289 | Sewer    | Reached XP level 5. HP: 10/42 MP: 5/5
  2516 | D:3      | Reached skill level 4 in Fighting
  2770 | D:4      | Found Tuinlos's General Store.
  2826 | D:4      | Found Joxai's Distillery.
  2866 | D:4      | Gained mutation: You regenerate a little health from kills.
                  | [demonic ancestry]
  2866 | D:4      | Reached XP level 6. HP: 44/48 MP: 6/6
  2972 | D:4      | Found a blossoming altar of Fedhas.
  3000 | D:4      | Noticed an oklob plant
  3144 | D:4      | Found Feont's Antique Weapon Shoppe.
  3335 | D:4      | Identified the +10 spear of Vytebbil {flame, rC+ Dex+3}
  3482 | D:4      | HP: 1/48 [orc priest/divine providence (12)]
  3485 | D:4      | Killed from afar by an orc priest

Illustrated notes

Levels and vault maps discovered:
D:1:      matt_arrival_los_fun, layout_rooms,
          shapermc_ecumenical_altar_mp_ritualfount, minivault_23
D:2:      layout_basic
D:3:      layout_basic, lightli_sewer_entry_pipes, serial_shops, shop, shop,
          shop_fountains, shop
D:4:      layout_loops_ring, tgw_fedhas, serial_shops, shop,
          nicolae_shop_tiny_waterfront, nicolae_shop_gibbet_a_chance,
          nicolae_shop_tiny_glass

Skill      XL: |  1  2  3  4  5 |
---------------+----------------+-----
Short Blades   | 2 3 |  3.9
Armour         | 3 |  3.6
Shields        | 3 |  3.6
Fighting       | 4 |  4.1

Action                     |  1- 3 |  4- 6 || total
---------------------------+-------+-------++-------
  Melee: Rapier            |   155 |   214 ||   369
    Use: Potion            |       |     1 ||     1
         Scroll            |       |    14 ||    14
 Armour: Scale mail        |    15 |       ||    15
         Plate armour      |   104 |   237 ||   341
  Dodge: Dodged            |    33 |    53 ||    86
  Block: Buckler           |    45 |    46 ||    91

Table legend: (Time is in decaauts)
 A = Elapsed time spent in this place.
 B = Non-inter-level travel time spent in this place.
 C = Inter-level travel time spent in this place.
 D = Time resting spent in this place.
 E = Time spent auto-exploring this place.
 F = Levels seen in this place.
 G = Mean time per level.
                   A        B        C        D        E       F      G
               +--------+--------+--------+--------+--------+-----+--------+
         Total |   3562 |   3417 |    145 |    273 |   2282 |   5 |  712.4 |
       Dungeon |   3169 |   3024 |    145 |    119 |   2141 |   4 |  792.2 |
         Sewer |    393 |    393 |      0 |    154 |    141 |   1 |  393.0 |
               +--------+--------+--------+--------+--------+-----+--------+

Top non-repeatable levels by time:
     D:3: 952 daAuts
     D:2: 801 daAuts
     D:4: 764 daAuts
     D:1: 651 daAuts
   Sewer: 393 daAuts
